 Dungeon Crawl Stone Soup version 0.30.1-8-g117510f58f (webtiles) character file.

Game seed: 11580207311305130027

3600 booth the Summoner (level 10, -1/76 HPs)
             Began as a Gnoll Summoner on Sept 22, 2023.
             Was a Follower of Ashenzari.
             Slain by Erica
             ... wielding a +2 scimitar of flaming
              (2 damage)
             ... on level 8 of the Dungeon.
             The game lasted 00:58:05 (6945 turns).

booth the Summoner (Gnoll Summoner)                 Turns: 6945, Time: 00:58:05

Health: -1/76      AC: 20    Str: 11    XL:     10   Next: 10%
Magic:  13/22      EV: 15    Int: 15    God:    Ashenzari [*.....]
Gold:   501        SH:  0    Dex: 13    Spells: 4/26 levels left

rFire   . . .        h - +2 hand axe (flame)
rCold   . . .        (no shield)
rNeg    . . .        D - +0 steam dragon scales
rPois   .            (no helmet)
rElec   .            (no cloak)
rCorr   .            (no gloves)
SInv    .            n - +1 pair of boots "I Knew You'd Do That" {Self, Elem} (curse)
Will    .....        q - amulet of the acrobat
Stlth   +++          p - ring of the Tortoise {AC+8, Self, Fort} (curse)
HPRegen 0.32/turn    w - +4 ring of protection
MPRegen 0.18/turn

%: acrobat
@: lethally poisoned (-1 -> -2), slowed, very slow
A: fangs 1, strong nose, distributed training, mutation resistance 1
a: Renounce Religion, Curse Item, Shatter the Chains


You were on level 8 of the Dungeon.
You worshipped Ashenzari.
Ashenzari was aware of your devotion.
You visited 2 branches of the dungeon, and saw 9 of its levels.

You collected 501 gold pieces.

Inventory:

Hand Weapons
 c - a +0 whip
 e - the +2 battleaxe "Jesat" {speed, rC+ Will+}
   (You acquired it on level 1 of the Dungeon)

   rC:        It protects you from cold.
   Will:      It increases your willpower.
 h - a +2 hand axe of flaming (weapon)
 k - a +0 mace of flaming
 v - a +1 war axe of freezing
Missiles
 z - 9 poisoned darts (quivered)
Armour
 a - a +0 robe
 n - the cursed +1 pair of boots "I Knew You'd Do That" (worn) {Self, Elem}
   (You found it on level 1 of the Dungeon)

   It has a curse which improves the following skills: Introspection: Fighting
   and Spellcasting.
   Elements:  Fire Magic, Ice Magic, Air Magic and Earth Magic.
 t - a +0 leather armour
 B - a +0 ring mail
 D - +0 steam dragon scales (worn)
Jewellery
 p - the cursed ring of the Tortoise (left hand) {AC+8, Self, Fort}
   (You found it on level 2 of the Dungeon)

   [ring of protection]

   AC:        It affects your AC (+8).
   It has a curse which improves the following skills: Introspection: Fighting
   and Spellcasting.
   Fortitude: Armour and Shields.
 q - an amulet of the acrobat (around neck)
 w - a +4 ring of protection (right hand)
 y - a ring of positive energy
Wands
 x - a wand of flame (18)
 C - a wand of iceblast (12)
Scrolls
 d - 7 scrolls of teleportation
 j - a scroll of magic mapping
Potions
 b - a potion of magic
 f - 5 potions of curing
 g - 2 potions of heal wounds
 i - 2 potions of attraction
 l - 2 potions of haste
 m - a potion of might
 o - a potion of invisibility
 r - a potion of resistance
 s - a potion of flight
 u - a potion of cancellation
 A - a potion of ambrosia


   Skills:
 + Level 5.1(6.3) Fighting
 + Level 5.1 Short Blades
 + Level 5.1 Long Blades
 + Level 5.1 Axes
 + Level 5.1 Maces & Flails
 + Level 5.1 Polearms
 + Level 5.1 Staves
 + Level 5.1 Ranged Weapons
 + Level 5.1 Throwing
 + Level 5.1(5.9) Armour
 + Level 7.0 Dodging
 + Level 6.7 Stealth
 + Level 5.1(5.9) Shields
 + Level 5.1 Unarmed Combat
 + Level 7.2(8.5) Spellcasting
 + Level 4.2 Conjurations
 + Level 4.2 Hexes
 + Level 8.4 Summonings
 + Level 4.2 Necromancy
 + Level 4.2 Translocations
 + Level 4.2 Transmutations
 + Level 4.2(5.0) Fire Magic
 + Level 4.2(5.0) Ice Magic
 + Level 4.2(5.0) Air Magic
 + Level 4.2(5.0) Earth Magic
 + Level 4.2 Poison Magic
 + Level 5.6 Invocations
 + Level 5.1 Evocations


You had 4 spell levels left.
You knew the following spells:

 Your Spells              Type           Power      Damage    Failure   Level
a - Summon Small Mammal   Summ           100%       N/A       1%          1
b - Call Imp              Summ           62%        N/A       1%          2
c - Call Canine Familiar  Summ           31%        N/A       1%          3
d - Summon Guardian Gole  Hex/Summ       25%        N/A       2%          3
e - Summon Lightning Spi  Summ/Air       26%        N/A       7%          4
f - Apportation           Tloc           38%        N/A       1%          1
g - Blink                 Tloc           38%        N/A       3%          2
h - Ensorcelled Hibernat  Hex/Ice        40%        N/A       2%          2
i - Manifold Assault      Tloc           19%        N/A       21%         4

Your spell library contained the following spells:

 Spells                   Type           Power      Damage    Failure   Level
 Necrotise                Necr           76%        1d7       1%          1
 Spider Form              Tmut/Pois      19%        N/A       6%          3
 Anguish                  Hex/Necr       9%         N/A       21%         4
 Storm Form               Tmut/Air       10%        N/A       100%        7


Dungeon Overview and Level Annotations

Branches:
Dungeon (8/15)             Temple (1/1) D:4
   Lair: D:8-11

Altars:
Ashenzari
Cheibriados
Dithmenos
Elyvilon
Fedhas
Gozag
Hepliaklqana
Kikubaaqudgha
Makhleb
Nemelex Xobeh
Okawaru
Qazlal
Ru
Sif Muna
Trog
Uskayaw
Vehumet
Wu Jian
Xom
Yredelemnul
Zin
The Shining One

Shops:
D:2 :

Annotations:
D:8 Erica, Gastronok


Innate Abilities, Weirdness & Mutations

You have very sharp teeth.
Your uncanny sense of smell can sniff out nearby items.
Your experience applies equally to all skills.
You are somewhat resistant to further mutation.


Message History

Gastronok gurgles horribly!
The orc wizard shouts!
You hit something. Your bite misses something.
You feel very sick.
Your hound barely misses something.
You hear some strange, mumbled words.
A lance of force appears from out of thin air!
The lance of force misses you.
Your hound bites something.
The orc priest mumbles some strange prayers to Beogh against you.
You struggle to resist.
Something barely misses you.
An orc priest comes into view. It is wielding a +0 club.
You closely miss something.
You feel very sick.
Your hound bites something.
Your hound barely misses something.
The orc throws a boomerang.
The boomerang misses you. Something hits you but does no damage.
Your hound bites something.
Casting: Call Canine Familiar (safe; 1% risk of failure)
Confirm with . or Enter, or press ? or * to list all spells.
A guardian golem appears, shielding your allies.
You feel sick.
Your hound bites something.
You hear some strange, mumbled words.
Something tries to affect you, but you resist.
Your hound misses something.
Gastronok sloshes about.
Something hits you!
* * * LOW HITPOINT WARNING * * *
Something burns you.
* * * LOW HITPOINT WARNING * * *
Found a stone staircase leading down.
You feel sick.
Your hound bites something.
Your cerulean imp barely misses something.
Your hound bites something but does no damage.
Something barely misses you.
Your cerulean imp hits something but does no damage.
Casting: Summon Guardian Golem (mildly dangerous; 2% risk of failure)
Confirm with . or Enter, or press ? or * to list all spells.
An electric hum fills the air.
You feel sick.
Your hound barely misses something.
Something hits you!
* * * LOW HITPOINT WARNING * * *
Something burns you.
You die...

.....>...
.....#.........
.............<.
..............
............#
...........#
.........# .
...#+#.....@####....
......†.<.h{8...w...
..........95.o#.o...
..............o.....
............#..o....
.........[.##.......
..........). .......
............#.......
............#.#.....


You could see Gastronok, 2 orc priests, an orc wizard, an orc, a friendly
guardian golem (summoned), a friendly lightning spire (summoned), a friendly
hound (summoned, sheltered) and a friendly cerulean imp (summoned, sheltered).

Vanquished Creatures
  A komodo dragon (D:7)
  A slime creature (D:7)
  A steam dragon (D:7)
  A water moccasin (D:6)
  An orc warrior (D:6)
  A phantom (D:4)
  A bullfrog (D:7)
  Dowan (D:7)
  4 killer bees (D:7)
  2 jellies
  A gnoll bouda (D:7)
  3 hounds
  2 iguanas
  2 orc wizards
  7 gnolls
  2 adders
  A shadow imp (D:7)
  2 ufetubi (D:5)
  A worm (D:2)
  A dart slug (D:3)
  6 orcs
  7 endoplasms
  A giant cockroach (D:1)
  5 hobgoblins
  3 quokkas
  A ball python (D:2)
  A bat (D:1)
  A frilled lizard (D:3)
  5 kobolds
  2 rats
68 creatures vanquished.

Vanquished Creatures (collateral kills)
  A wyvern (D:7)
  A basilisk (D:8)
  Menkaure (D:7)
  A water moccasin (D:8)
  A black bear (D:5)
  An ogre (D:5)
  A centaur (D:7)
  A bullfrog (D:7)
  4 scorpions
  A killer bee (D:7)
  A howler monkey (D:6)
  A hound (D:5)
  2 orc priests
  3 jellies
  5 iguanas
  2 sleepcaps
  2 orc wizards (D:6)
  11 adders
  5 gnolls (D:2)
  A white imp (D:7)
  3 worms
  2 dart slugs
  15 orcs
  2 ball pythons (D:1)
  17 endoplasms
  A giant cockroach (D:2)
  5 goblins
  3 hobgoblins
  2 bats (D:2)
  A frilled lizard (D:1)
  8 kobolds
  5 rats
110 creatures vanquished.

Vanquished Creatures (others)
  Duvessa (D:7)
  A scorpion (D:6)
  A hound (D:6)
  2 jellies
  A gnoll (D:7)
  An endoplasm (D:3)
7 creatures vanquished.

Grand Total: 185 creatures vanquished

Notes
Turn   | Place    | Note
-------+----------+-------------------------------------------
     0 | D:1      | booth the Gnoll Summoner began the quest for the Orb.
     0 | D:1      | Reached XP level 1. HP: 13/13 MP: 6/6
   219 | D:1      | Reached XP level 2. HP: 19/19 MP: 4/7
   228 | D:1      | Learned a level 2 spell: Call Imp
   683 | D:1      | Identified a scroll of acquirement
   684 | D:1      | Acquired the +2 battleaxe "Jesat" {speed, rC+ Will+}
   728 | D:2      | Reached skill level 5 in Spellcasting
   728 | D:2      | Reached XP level 3. HP: 25/25 MP: 3/9
   738 | D:2      | Reached skill level 1 in Invocations
   741 | D:2      | Reached skill level 1 in Fighting
   741 | D:2      | Reached skill level 1 in Short Blades
   741 | D:2      | Reached skill level 1 in Long Blades
   741 | D:2      | Reached skill level 1 in Axes
   741 | D:2      | Reached skill level 1 in Maces & Flails
   741 | D:2      | Reached skill level 1 in Polearms
   741 | D:2      | Reached skill level 1 in Staves
   741 | D:2      | Reached skill level 1 in Ranged Weapons
   741 | D:2      | Reached skill level 1 in Throwing
   741 | D:2      | Reached skill level 1 in Armour
   741 | D:2      | Reached skill level 1 in Shields
   741 | D:2      | Reached skill level 1 in Unarmed Combat
   741 | D:2      | Reached skill level 1 in Evocations
   757 | D:2      | Reached XP level 4. HP: 23/32 MP: 2/11
   761 | D:2      | Learned a level 3 spell: Call Canine Familiar
   765 | D:2      | Learned a level 3 spell: Summon Guardian Golem
   770 | D:2      | Learned a level 4 spell: Summon Lightning Spire
  1074 | D:2      | Reached skill level 1 in Conjurations
  1074 | D:2      | Reached skill level 1 in Hexes
  1074 | D:2      | Reached skill level 1 in Necromancy
  1074 | D:2      | Reached skill level 1 in Translocations
  1074 | D:2      | Reached skill level 1 in Transmutations
  1074 | D:2      | Reached skill level 1 in Fire Magic
  1074 | D:2      | Reached skill level 1 in Ice Magic
  1074 | D:2      | Reached skill level 1 in Air Magic
  1074 | D:2      | Reached skill level 1 in Earth Magic
  1074 | D:2      | Reached skill level 1 in Poison Magic
  1173 | D:2      | Found Muodeng's Book Shoppe.
  1253 | D:2      | Reached XP level 5. HP: 10/37 MP: 7/12
  1584 | D:2      | Found a blossoming altar of Fedhas.
  1584 | D:2      | Found the ring of the Tortoise {AC+8}
  1873 | D:2      | Learned a level 1 spell: Apportation
  1873 | D:2      | Gained mutation: You are somewhat resistant to further
                  | mutation. [potion of mutation]
  2058 | D:3      | Found a radiant altar of Vehumet.
  2453 | D:3      | Reached XP level 6. HP: 44/44 MP: 8/13
  2463 | D:3      | Reached skill level 5 in Dodging
  3196 | D:4      | Found a staircase to the Ecumenical Temple.
  3207 | Temple   | Entered the Ecumenical Temple
  3398 | Temple   | Became a worshipper of Ashenzari the Shackled
  3507 | D:4      | Reached XP level 7. HP: 50/50 MP: 11/15
  3517 | D:4      | Learned a level 2 spell: Blink
  3937 | D:5      | Entered Level 5 of the Dungeon
  3951 | D:5      | Reached skill level 5 in Stealth
  4148 | D:5      | Reached XP level 8. HP: 58/58 MP: 9/17
  5188 | D:6      | Reached * piety under Ashenzari
  5198 | D:6      | Reached XP level 9. HP: 31/68 MP: 15/20
  5672 | D:6      | Found a hide-covered altar of Uskayaw.
  5672 | D:6      | Found a shadowy altar of Dithmenos.
  5775 | D:6      | Identified the staff of fire "Luirisea" {rF+ rCorr Int+3
                  | Stlth+}
  5785 | D:6      | Learned a level 2 spell: Ensorcelled Hibernation
  5803 | D:7      | Noticed Duvessa
  5804 | D:7      | Noticed Dowan
  5834 | D:7      | Killed Duvessa
  5852 | D:7      | Reached skill level 8 in Summonings
  5853 | D:7      | Noticed a komodo dragon
  5856 | D:7      | Killed Dowan
  5870 | D:7      | Killed a komodo dragon
  6091 | D:7      | Noticed Menkaure
  6103 | D:7      | Killed Menkaure
  6104 | D:7      | Reached skill level 5 in Invocations
  6749 | D:7      | Learned a level 4 spell: Manifold Assault
  6750 | D:8      | Noticed Erica
  6782 | D:7      | Reached skill level 5 in Fighting
  6782 | D:7      | Reached skill level 5 in Short Blades
  6782 | D:7      | Reached skill level 5 in Long Blades
  6782 | D:7      | Reached skill level 5 in Axes
  6782 | D:7      | Reached skill level 5 in Maces & Flails
  6782 | D:7      | Reached skill level 5 in Polearms
  6782 | D:7      | Reached skill level 5 in Staves
  6782 | D:7      | Reached skill level 5 in Ranged Weapons
  6782 | D:7      | Reached skill level 5 in Throwing
  6782 | D:7      | Reached skill level 5 in Armour
  6782 | D:7      | Reached skill level 5 in Shields
  6782 | D:7      | Reached skill level 5 in Unarmed Combat
  6782 | D:7      | Reached skill level 5 in Evocations
  6782 | D:7      | Reached XP level 10. HP: 45/76 MP: 19/22
  6940 | D:8      | Noticed Gastronok
  6945 | D:8      | HP: 1/76 [something (8)]
  6945 | D:8      | Slain by Erica

Illustrated notes

Levels and vault maps discovered:
D:1:      minmay_arrival_five_plusses, layout_loops_ring
D:2:      layout_loops_ring, serial_shops, nicolae_shop_waterfront, basic_altar,
          grunt_ministairs_5, kennysheep_generic_room_13
D:3:      cheibrodos_fertilizer, layout_basic,
          mainiacjoe_overflow_small_starburst
D:4:      layout_cave_pools, minmay_temple_entry_statues_fountains
D:5:      layout_rooms, kennysheep_dice
D:6:      layout_basic, gammafunk_temple_overflow_elements, st_stairs_4,
          due_unseen_surprise
D:7:      lemuel_slime, layout_cave_pools, serial_column_ruins,
          column_ruins_hut_pillars, column_ruins_columns_straight,
          column_ruins_open_tiny, column_ruins_grid_3, column_ruins_grid_3,
          column_ruins_grid_1, column_ruins_columns_dead_end,
          column_ruins_open_small, uniq_menkaure, uniq_duvessa
D:8:      layout_basic, minmay_lair_entry_grove, uniq_gastronok,
          uniq_prince_ribbit1, uniq_maurice, uniq_joseph, uniq_erica
Temple:   nicolae_temple_bog_church

Skill      XL: |  1  2  3  4  5  6  7  8  9 10 |
---------------+-------------------------------+-----
Spellcasting   | 5 6 7 |  7.2
Invocations    | 1 2 3 4 5 |  5.6
Fighting       | 1 2 3 5 |  5.1
Short Blades   | 1 2 3 5 |  5.1
Long Blades    | 1 2 3 5 |  5.1
Axes           | 1 2 3 5 |  5.1
Maces & Flails | 1 2 3 5 |  5.1
Polearms       | 1 2 3 5 |  5.1
Staves         | 1 2 3 5 |  5.1
Ranged Weapons | 1 2 3 5 |  5.1
Throwing       | 1 2 3 5 |  5.1
Armour         | 1 2 3 5 |  5.1
Shields        | 1 2 3 5 |  5.1
Unarmed Combat | 1 2 3 5 |  5.1
Evocations     | 1 2 3 5 |  5.1
Conjurations   | 1 2 3 4 |  4.2
Hexes          | 1 2 3 4 |  4.2
Necromancy     | 1 2 3 4 |  4.2
Translocations | 1 2 3 4 |  4.2
Transmutations | 1 2 3 4 |  4.2
Fire Magic     | 1 2 3 4 |  4.2
Ice Magic      | 1 2 3 4 |  4.2
Air Magic      | 1 2 3 4 |  4.2
Earth Magic    | 1 2 3 4 |  4.2
Poison Magic   | 1 2 3 4 |  4.2
Dodging        | 5 6 7 |  7.0
Stealth        | 5 6 |  6.7
Summonings     | 8 |  8.4

Action                     |  1- 3 |  4- 6 |  7- 9 | 10-12 || total
---------------------------+-------+-------+-------+-------++-------
  Melee: Whip              |     3 |       |       |       ||     3
         Bite              |     1 |     6 |    27 |     1 ||    35
         Hand axe          |    10 |    66 |   205 |    15 ||   296
         Punch             |       |     1 |     9 |       ||    10
  Throw: Dart              |       |       |     1 |       ||     1
   Cast: Summon Small Mamm |    16 |     1 |     3 |       ||    20
         Call Imp          |     6 |    14 |    25 |     2 ||    47
         Call Canine Famil |       |    10 |    22 |     2 ||    34
         Summon Guardian G |       |     5 |    10 |     1 ||    16
         Summon Lightning  |       |       |     1 |     1 ||     2
 Invoke: Curse Item        |       |       |     2 |       ||     2
    Use: Scroll            |     4 |     7 |     5 |       ||    16
         Potion            |       |     4 |     3 |       ||     7
   Stab: Sleeping          |       |     3 |     1 |       ||     4
         Distracted        |       |       |     2 |     1 ||     3
 Armour: Robe              |     1 |    18 |       |       ||    19
         Leather armour    |       |     4 |    85 |       ||    89
         Steam dragon scal |       |       |    34 |    16 ||    50
  Dodge: Dodged            |    13 |    44 |   268 |    19 ||   344
